 Dungeon Crawl Stone Soup version 0.20-a0-864-g92acfd1 (webtiles) character file.

277 dvd the Sneak (level 6, -1/32 HPs)
             Began as a Spriggan Assassin on Mar 12, 2017.
             Was an Initiate of Dithmenos.
             Slain by Grinder (6 damage)
             ... on level 3 of the Dungeon.
             The game lasted 00:11:16 (3273 turns).

dvd the Sneak (Spriggan Assassin)                   Turns: 3273, Time: 00:11:16

Health: -1/32      AC:  2    Str:  7    XL:     6   Next: 4%
Magic:  7/7        EV: 17    Int: 13    God:    Dithmenos [......]
Gold:   98         SH:  0    Dex: 19    Spells: 5/5 levels left

rFire    . . .     SeeInvis +   c - +0 hunting sling
rCold    . . .     Gourm    .   s - -2 robe (curse)
rNeg     . . .     Faith    .   (shield restricted)
rPois    .         Spirit   .   (helmet restricted)
rElec    .         Reflect  .   h - +1 cloak (curse)
rCorr    .         Harm     .   (gloves unavailable)
MR       +....                  (boots unavailable)
Stlth    ++++......             (no amulet)
Regen    0.1/turn               (no ring)
MPRegen  0.1/turn               (no ring)

@: about to teleport, very quick
A: unfitting armour, see invisible, herbivore 3, speed 3, slow metabolism 2
a: Renounce Religion


You were on level 3 of the Dungeon.
You worshipped Dithmenos.
Dithmenos was noncommittal.
You were not hungry.

You visited 1 branch of the dungeon, and saw 3 of its levels.

You collected 98 gold pieces.

Inventory:

Hand Weapons
 a - a +2 dagger
 b - a +0 blowgun
 c - a +0 hunting sling (weapon)
 u - a +2 mace of draining
 v - a +3 dagger
Missiles
 i - a curare-tipped needle
 n - 40 sling bullets (quivered)
 q - 70 stones
Armour
 d - a +0 cloak
 h - a cursed +1 cloak (worn)
 l - a +0 robe
 s - a cursed -2 robe (worn)
Wands
 x - a wand of confusion (9/48)
Scrolls
 j - a scroll of recharging
 t - a scroll of remove curse {unknown}
 w - a scroll of teleportation
 y - a scroll of blinking {unknown}
Potions
 f - a potion of flight {unknown}
 k - 3 potions of haste {unknown}
 m - 2 potions of ambrosia {unknown}
 o - a potion of degeneration {unknown}
 p - a potion of curing
Comestibles
 g - 4 bread rations
 r - a fruit
 z - 2 royal jellies


   Skills:
 + Level 2.5 Fighting
 + Level 2.6 Short Blades
 + Level 4.4(5.2) Slings
 + Level 3.3(4.1) Throwing
 + Level 1.9 Dodging
 + Level 6.8 Stealth


You had 5 spell levels left.
You didn't know any spells.

Dungeon Overview and Level Annotations

Branches:
Dungeon (3/15)

Altars:
Ashenzari
Cheibriados
Dithmenos
Elyvilon
Hepliaklqana
Kikubaaqudgha
Okawaru
Qazlal
Vehumet
Yredelemnul
Zin
The Shining One

Annotations:
D:3 Grinder


Innate Abilities, Weirdness & Mutations

You are very small and have problems with some larger weapons.
You are too small for most types of armour.
You have supernaturally acute eyesight. (SInv)
You are a herbivore.
You cover ground extremely quickly.
You need consume almost no food.


Message History

Aim: an orc wizard, wielding a dagger and wearing a robe (severely wounded)
You shoot a sling bullet.
The sling bullet closely misses the orc wizard.
The orc wizard gestures at you while chanting.
The puff of frost hits you!
The orc shouts!
The orc completely misses you.
Grinder shouts!
Firing (i - inventory. (,) - cycle):
n - 41 sling bullets (quivered)
Press: ? - help, Shift-Dir - straight line, f - Grinder
Aim: Grinder You shoot a sling bullet.
The sling bullet closely misses Grinder.
Grinder misses you.
As you read the scroll labeled VAPPUWKOUNG, it crumbles to dust.
You feel strangely unstable.
It was a scroll of teleportation.
Grinder hits you!
* * * LOW HITPOINT WARNING * * *
You writhe in agony.
You die...

.##.# ##.........# o.#.#
#(.#######.# #.#.# #..# #.#
#.#.# #..# #.# ....# #..#
#.# ...## #..# #.#
....####### #..# #.#
..........######5.#######.#
....#####.o.....@.........#
...## ###################
####


You could see Grinder and an orc.

Vanquished Creatures
  Sigmund (D:2)
  An orc priest (D:3)
  An orc wizard (D:3)
  An adder (D:2)
  An ooze (D:3)
  4 worms
  2 leopard geckos (D:1)
  5 orcs (D:3)
  2 giant cockroaches (D:1)
  4 goblins
  5 hobgoblins
  3 jackals
  A ball python (D:3)
  4 bats
  4 frilled lizards
  3 kobolds
  3 rats
45 creatures vanquished.

Notes
Turn   | Place    | Note
-------+----------+-------------------------------------------
     0 | D:1      | dvd the Spriggan Assassin began the quest for the Orb.
     0 | D:1      | Reached XP level 1. HP: 10/10 MP: 2/2
    62 | D:1      | Reached skill level 6 in Stealth
   400 | D:1      | Reached XP level 2. HP: 15/15 MP: 3/3
   869 | D:2      | Noticed Sigmund
  1333 | D:2      | Reached skill level 1 in Slings
  1395 | D:2      | Killed Sigmund
  1395 | D:2      | Reached XP level 3. HP: 18/18 MP: 4/4
  1395 | D:2      | Reached XP level 4. HP: 23/23 MP: 5/5
  1395 | D:2      | Reached XP level 5. HP: 26/26 MP: 6/6
  1436 | D:2      | Found a basalt altar of Yredelemnul.
  1443 | D:2      | Found a radiant altar of Vehumet.
  1450 | D:2      | Found a white marble altar of Elyvilon.
  1451 | D:2      | Found a hazy altar of Hepliaklqana.
  1452 | D:2      | Found a snail-covered altar of Cheibriados.
  1452 | D:2      | Found a glowing silver altar of Zin.
  1452 | D:2      | Found a shattered altar of Ashenzari.
  1452 | D:2      | Found a glowing golden altar of the Shining One.
  1453 | D:2      | Found an ancient bone altar of Kikubaaqudgha.
  1461 | D:2      | Found a stormy altar of Qazlal.
  1850 | D:2      | Found an iron altar of Okawaru.
  2452 | D:3      | Found a shadowy altar of Dithmenos.
  2604 | D:3      | Became a worshipper of Dithmenos the Shadowed
  2846 | D:3      | Noticed Grinder
  3183 | D:3      | Reached XP level 6. HP: 21/32 MP: 7/7
  3273 | D:3      | Slain by Grinder

Vault maps used:
D:1:      dpeg_arrival_arbitrary_b
D:2:      lemuel_crystal_altar, minitemple, first_bread, minmay_tetromino_i2,
          uniq_sigmund
D:3:      nicolae_overflow_hidden_temple, lemuel_tele_altar, uniq_grinder

Skill      XL: |  1  2  3  4  5 |
---------------+----------------+-----
Stealth        | 6 |  6.8
Slings         | 3 4 |  4.4
Fighting       | 2 |  2.5
Throwing       | 3 |  3.3
Short Blades   | |  2.6
Dodging        | |  1.9

Action                   |  1- 3 |  4- 6 || total
-------------------------+-------+-------++-------
Melee: Dagger            |     8 |     6 ||    14
 Fire: Blowgun           |    29 |    25 ||    54
       Hunting sling     |    30 |   102 ||   132
  Use: Scroll            |       |     5 ||     5
 Stab: Sleeping          |     2 |     4 ||     6
Armor: Robe              |     2 |     2 ||     4
Dodge: Dodged            |    19 |     9 ||    28
